 Dungeon Crawl Stone Soup version 0.29-a0-321-gf1c400731a (webtiles) character file.

Game seed: 4407611977866190774

231 Dabor the Cleaver (level 6, -5/53 HPs)
             Began as a Gnoll Wanderer on Apr 5, 2022.
             Was a Believer of Zin.
             Slain by a kobold brigand
             ... wielding a +0 short sword
              (7 damage)
             ... in a sewer.
             The game lasted 00:03:33 (2018 turns).

Dabor the Cleaver (Gnoll Wanderer)                  Turns: 2018, Time: 00:03:34

Health: -5/53      AC:  4    Str: 14    XL:     6   Next: 4%
Magic:  8/8        EV: 11    Int: 11    God:    Zin [**....]
Gold:   72         SH:  0    Dex: 11    Spells: 8/8 levels left

rFire   . . .      SeeInvis .   a - +3 hand axe
rCold   . . .      Faith    .   (no shield)
rNeg    . . .      Spirit   .   d - +0 leather armour
rPois   .          Reflect  .   (no helmet)
rElec   .          Harm     .   (no cloak)
rCorr   .          Rampage  .   (no gloves)
Will    .....                   i - +0 pair of boots
Stlth   +.........              (no amulet)
HPRegen 0.17/turn               k - ring of flight
MPRegen 0.11/turn               (no ring)

@: lethally poisoned (-5 -> -9), attractive, flying
A: fangs 1, strong nose, distributed training
a: Renounce Religion, Recite, Vitalisation, Donate Gold


You were in a sewer.
You worshipped Zin.
Zin was pleased with you.
You visited 1 branch of the dungeon, and saw 4 of its levels.
You also visited: Sewer.

You collected 80 gold pieces.
You donated 8 gold pieces to Zin.

Inventory:

Hand Weapons
 a - a +3 hand axe (weapon)
 b - a +0 shortbow
Armour
 d - a +0 leather armour (worn)
 i - a +0 pair of boots (worn)
Jewellery
 k - a ring of flight (left hand)
Scrolls
 c - a scroll of vulnerability
 g - 2 scrolls of teleportation
 m - 2 scrolls of fear
Potions
 f - a potion of might
 j - a potion of haste
 l - 3 potions of brilliance
 o - a potion of mutation {unknown}


   Skills:
 + Level 6.7 Fighting
 + Level 1.7 Short Blades
 + Level 1.7 Long Blades
 + Level 10.5 Axes
 + Level 1.7 Maces & Flails
 + Level 1.7 Polearms
 + Level 1.7 Staves
 + Level 1.7 Slings
 + Level 4.9 Bows
 + Level 1.7 Crossbows
 + Level 1.7 Throwing
 + Level 1.7 Armour
 + Level 1.7 Dodging
 + Level 1.7 Stealth
 + Level 1.7 Shields
 + Level 1.7 Unarmed Combat
 + Level 1.7 Spellcasting
 + Level 1.3 Conjurations
 + Level 1.3 Hexes
 + Level 1.3 Summonings
 + Level 1.3 Necromancy
 + Level 1.3 Translocations
 + Level 1.3 Transmutations
 + Level 1.3 Fire Magic
 + Level 1.3 Ice Magic
 + Level 1.3 Air Magic
 + Level 1.3 Earth Magic
 + Level 1.3 Poison Magic
 + Level 2.0 Invocations
 + Level 1.7 Evocations


You had 8 spell levels left.
You didn't know any spells.
Your spell library contained the following spells:

 Spells                   Type           Power      Damage    Failure   Level
 Freeze                   Ice            16%        1d4       22%         1
 Dazzling Flash           Conj/Hex       8%         N/A       54%         3
 Frozen Ramparts          Ice            8%         1d2       54%         3
 Hailstorm                Conj/Ice       4%         3d4       91%         4
 Agony                    Necr           4%         N/A       99%         5
 Silence                  Hex/Air        2%         N/A       99%         5


Dungeon Overview and Level Annotations

Branches:
Dungeon (4/15)              Sewer (1/1)
 Temple: D:4-7

Altars:
Zin


Innate Abilities, Weirdness & Mutations

You have very sharp teeth.
Your uncanny sense of smell can sniff out nearby items.
Your experience applies equally to all skills.


Message History

You are more poisoned.
You barely miss the kobold. Your punch misses the kobold.
You hit the kobold brigand.
You feel very sick.
The kobold brigand hits you with a +0 short sword.
You completely miss the kobold brigand.
You hit the kobold brigand but do no damage.
You feel very sick.
The kobold brigand unwields a +0 dagger.
The kobold brigand wields a +0 hand crossbow of freezing.
It is covered in frost.
The kobold brigand shoots a bolt.
The bolt hits you but does no damage.
You closely miss the kobold brigand. You hit the kobold.
You kill the kobold!
You closely miss the kobold brigand.
You feel sick.
You barely miss the kobold brigand. You hit the kobold brigand.
You feel sick.
The kobold brigand hits you with a +0 short sword.
The kobold brigand misses you.
You barely miss the kobold brigand. You hit the kobold brigand.
You miss the kobold.
You feel sick.
The kobold brigand hits you with a +0 short sword.
The kobold brigand barely misses you. The kobold misses you.
You barely miss the kobold brigand. You closely miss the kobold brigand.
You slash the kobold!
You kill the kobold!
You feel sick.
The kobold brigand hits you with a +0 short sword.
The kobold brigand hits you with a +0 short sword!
* * * LOW HITPOINT WARNING * * *
It was a potion of magic.
Magic courses through your body.
You feel sick. The kobold brigand closely misses you.
The kobold throws a stone.
The stone hits you.
* * * LOW HITPOINT WARNING * * *
It was a potion of attraction.
You feel attractive to monsters.
You feel sick.
The kobold brigand hits you with a +0 short sword!
* * * LOW HITPOINT WARNING * * *
The kobold brigand hits you with a +0 short sword!
You die...

#......#≈≈≈≈≈≈......#
#......#≈≈≈≈≈≈......#
#......#≈≈≈#≈≈P....##
#....≈≈#≈≈≈#≈≈.....#
##...≈P#≈≈≈#P......#
##.P.≈≈≈≈≈≈#.......#
#....≈≈≈≈≈≈#.......#
###...≈#≈≈≈#.......#
#..).#≈≈≈#.K@K.###
##))##≈≈≈##K'###
#....#≈≈≈#K!KK
#....#≈≈≈#...!#
#..∩.#≈≈≈#.∩..#
#.)..#≈≈≈#!!..#
######≈≈≈######
#...'≈≈≈# #∩∩.#≈≈≈#


You could see 3 kobold brigands and 3 kobolds.

Vanquished Creatures
  2 kobold brigands (Sewer)
  An orc wizard (D:3)
  An adder (D:3)
  A worm (D:2)
  A dart slug (D:1)
  4 orcs (D:3)
  4 endoplasms
  2 giant cockroaches
  2 goblins
  2 hobgoblins
  5 ball pythons
  4 bats
  3 frilled lizards
  16 kobolds
  9 rats
57 creatures vanquished.

Vanquished Creatures (others)
  A fungus (Sewer)
  3 plants (Sewer)
4 creatures vanquished.

Grand Total: 61 creatures vanquished

Notes
Turn   | Place    | Note
-------+----------+-------------------------------------------
     0 | D:1      | Reached skill level 10 in Axes
     0 | D:1      | Dabor the Gnoll Wanderer began the quest for the Orb.
     0 | D:1      | Dabor set off with the following items: a +3 hand axe, a +0
                  | shortbow, a scroll of vulnerability, a +0 leather armour
     0 | D:1      | Reached XP level 1. HP: 23/23 MP: 1/1
   175 | D:1      | Found a faded altar of an unknown god.
   396 | D:1      | Reached XP level 2. HP: 29/29 MP: 2/2
   781 | D:1      | Prayed at the altar of an unknown god.
   781 | D:1      | Became a worshipper of Zin the Law-Giver
   781 | D:1      | Reached * piety under Zin
  1055 | D:2      | Reached ** piety under Zin
  1151 | D:2      | Reached XP level 3. HP: 35/35 MP: 3/3
  1152 | D:2      | You fall into a shaft and drop 2 floors!
  1244 | D:3      | Reached skill level 1 in Short Blades
  1244 | D:3      | Reached skill level 1 in Long Blades
  1244 | D:3      | Reached skill level 1 in Maces & Flails
  1244 | D:3      | Reached skill level 1 in Polearms
  1244 | D:3      | Reached skill level 1 in Staves
  1244 | D:3      | Reached skill level 1 in Slings
  1244 | D:3      | Reached skill level 1 in Crossbows
  1244 | D:3      | Reached skill level 1 in Throwing
  1244 | D:3      | Reached skill level 1 in Armour
  1244 | D:3      | Reached skill level 1 in Dodging
  1244 | D:3      | Reached skill level 1 in Stealth
  1244 | D:3      | Reached skill level 1 in Shields
  1244 | D:3      | Reached skill level 1 in Unarmed Combat
  1244 | D:3      | Reached skill level 1 in Spellcasting
  1244 | D:3      | Reached skill level 1 in Invocations
  1244 | D:3      | Reached skill level 1 in Evocations
  1244 | D:3      | Reached XP level 4. HP: 35/41 MP: 3/5
  1298 | D:3      | Found a glowing drain.
  1319 | Sewer    | Entered a sewer
  1499 | Sewer    | Noticed a kobold brigand
  1512 | Sewer    | Killed a kobold brigand
  1513 | Sewer    | Reached skill level 1 in Conjurations
  1513 | Sewer    | Reached skill level 1 in Hexes
  1513 | Sewer    | Reached skill level 1 in Summonings
  1513 | Sewer    | Reached skill level 1 in Necromancy
  1513 | Sewer    | Reached skill level 1 in Translocations
  1513 | Sewer    | Reached skill level 1 in Transmutations
  1513 | Sewer    | Reached skill level 1 in Fire Magic
  1513 | Sewer    | Reached skill level 1 in Ice Magic
  1513 | Sewer    | Reached skill level 1 in Air Magic
  1513 | Sewer    | Reached skill level 1 in Earth Magic
  1513 | Sewer    | Reached skill level 1 in Poison Magic
  1513 | Sewer    | Reached XP level 5. HP: 3/47 MP: 5/7
  1852 | Sewer    | Noticed a kobold brigand
  1864 | Sewer    | Killed a kobold brigand
  1865 | Sewer    | Reached XP level 6. HP: 41/53 MP: 8/8
  2018 | Sewer    | HP: 2/53 [kobold brigand/+0 short sword (8)]
  2018 | Sewer    | Slain by a kobold brigand

Illustrated notes

Levels and vault maps discovered:
D:1:      minmay_arrival_up_and_down, layout_basic,
          ebering_ecumenical_altar_box, serial_park_tiny_2, serial_bayou_pond_d
D:2:      layout_loops_cross
D:3:      gammafunk_wand_slinger, layout_loops_ring, slow_altar_2,
          portal_sewer_entry_d, due_unseen_surprise, uniq_terence, uniq_natasha
D:4:      layout_basic, hellmonk_ghost_happy_afterlife
Sewer:    kennysheep_pipe_town

Skill      XL: |  1  2  3  4  5 |
---------------+----------------+-----
Axes           | | 10.5
Short Blades   | 1 |  1.7
Long Blades    | 1 |  1.7
Maces & Flails | 1 |  1.7
Polearms       | 1 |  1.7
Staves         | 1 |  1.7
Slings         | 1 |  1.7
Crossbows      | 1 |  1.7
Throwing       | 1 |  1.7
Armour         | 1 |  1.7
Dodging        | 1 |  1.7
Stealth        | 1 |  1.7
Shields        | 1 |  1.7
Unarmed Combat | 1 |  1.7
Spellcasting   | 1 |  1.7
Invocations    | 1 2 |  2.0
Evocations     | 1 |  1.7
Conjurations   | 1 |  1.3
Hexes          | 1 |  1.3
Summonings     | 1 |  1.3
Necromancy     | 1 |  1.3
Translocations | 1 |  1.3
Transmutations | 1 |  1.3
Fire Magic     | 1 |  1.3
Ice Magic      | 1 |  1.3
Air Magic      | 1 |  1.3
Earth Magic    | 1 |  1.3
Poison Magic   | 1 |  1.3
Fighting       | |  6.7
Bows           | |  4.9

Action                   |  1- 3 |  4- 6 || total
-------------------------+-------+-------++-------
Melee: Hand axe          |    52 |    71 ||   123
       Bite              |     3 |     5 ||     8
       Punch             |     1 |     3 ||     4
  Use: Scroll            |       |     8 ||     8
       Potion            |       |     3 ||     3
Armor: Leather armour    |    11 |    24 ||    35
Dodge: Dodged            |    19 |    34 ||    53

Table legend: (Time is in decaauts)
 A = Elapsed time spent in this place.
 B = Non-inter-level travel time spent in this place.
 C = Inter-level travel time spent in this place.
 D = Time resting spent in this place.
 E = Time spent auto-exploring this place.
 F = Levels seen in this place.
 G = Mean time per level.
                   A        B        C        D        E       F      G
               +--------+--------+--------+--------+--------+-----+--------+
         Total |   2008 |   1897 |    111 |      0 |   1523 |   5 |  401.6 |
       Dungeon |   1311 |   1200 |    111 |      0 |    985 |   4 |  327.8 |
         Sewer |    696 |    696 |      0 |      0 |    538 |   1 |  696.0 |
               +--------+--------+--------+--------+--------+-----+--------+

Top non-repeatable levels by time:
     D:1: 811 daAuts
   Sewer: 696 daAuts
     D:2: 333 daAuts
     D:3: 83 daAuts
     D:4: 83 daAuts
